 Dungeon Crawl Stone Soup version 0.19-a0-1007-g133f65f (webtiles) character file.

735 nextgen the Slasher (level 7, -13/49 HPs)
             Began as a High Elf Fighter on July 19, 2016.
             Killed by divine providence
             ... invoked by an orc priest
              (15 damage)
             ... on level 4 of the Dungeon.
             The game lasted 00:05:45 (4237 turns).

nextgen the Slasher (High Elf Fighter)              Turns: 4237, Time: 00:05:47

Health: -13/49     AC: 10    Str: 20    XL:     7   Next: 45%
Magic:  8/8        EV:  7    Int: 12    God:
Gold:   233        SH: 10    Dex: 15    Spells: 0 memorised, 6 levels left

rFire  . . .     SeeInvis .     a - +0 long sword
rCold  . . .     Gourm    .     p - +0 chain mail
rNeg   . . .     Faith    .     c - +0 shield
rPois  +         Spirit   .     x - +0 helmet
rElec  .         Dismiss  .     (no cloak)
rCorr  .         Reflect  .     (no gloves)
SustAt .         Harm     .     (no boots)
MR     .....                    (no amulet)
Stlth  ..........               n - +3 ring of strength
                                k - ring of poison resistance

@: not resistant to hostile enchantments, extremely unstealthy
A: no striking features
a: no special abilities


You were on level 4 of the Dungeon.
You were not hungry.

You visited 1 branch of the dungeon, and saw 4 of its levels.
You also visited: Sewer.

You collected 233 gold pieces.

Inventory:

Hand Weapons
 a - a +0 long sword (weapon)
Armour
 b - a +0 scale mail
 c - a +0 shield (worn)
 p - a +0 chain mail (worn)
 x - a +0 helmet (worn)
Jewellery
 k - a ring of poison resistance (left hand)
 l - an uncursed amulet of the gourmand
 n - a +3 ring of strength (right hand)
Scrolls
 g - 4 scrolls of remove curse
 i - a scroll of teleportation
 q - a scroll of amnesia
 w - a scroll of recharging {unknown}
 y - a scroll of enchant armour {unknown}
Potions
 d - a potion of degeneration {unknown}
 e - a potion of mutation {unknown}
 o - a potion of resistance
 r - 2 potions of curing
 t - a potion of invisibility {unknown}
 u - 3 potions of flight
 z - 2 potions of agility
Comestibles
 f - 5 bread rations
 j - 3 fruits
 m - 2 slices of pizza
 s - a meat ration


   Skills:
 + Level 4.6 Fighting
 * Level 5.9 Long Blades
 + Level 4.2 Armour
 + Level 2.9 Dodging
 + Level 4.2 Shields


You had 6 spell levels left.
You didn't know any spells.

Dungeon Overview and Level Annotations

Branches:
Dungeon (4/15)
 Temple: D:4-7

Altars:
Elyvilon
Zin
The Shining One


Message History

The orc priest calls down the wrath of Beogh upon you.
Pain shoots through your body!
The orc priest looks braver for a moment.
An orc comes into view. It is wielding a club.
The orc priest calls down the wrath of Beogh upon you.
Beogh smites you!
The orc priest looks braver for a moment.
You open the door.
The orc shouts!
The orc wizard gestures wildly while chanting.
The orc wizard flickers and vanishes!
Deactivating autopickup; reactivate with Ctrl-A.
The orc wizard casts a spell.
The orc wizard blinks!
The orc priest mumbles some strange prayers to Beogh against you.
Beogh smites you!
* * * LOW HITPOINT WARNING * * *
The orc priest invokes the aid of Beogh against you.
Beogh smites you!
You die...

......# #.........#,,,,,,,,,,,,
......# #.........#*,,,,,,,,,,*
......# #.........#*,,,,,,,,,,*
......#####.........#*,,,,,,,****
......##............#***+###*****
......##............####....,,,,,
##....##.....####...........,,,,,
......##.....####...........,,,,,
.............+..@..o.o.ยง....,>,,,
###..........#.##o..........,,,,,
.............#,*##o.........,,,,,
.............#,* #.{........,,,,,
........###+##,* #.......###*****
........##.,,,,* #.......#
............,,,**#o......#*******
............,,,,,........#*,,,,,,
..........#+*,,,.........#*,,,,,,


You could see 3 orc priests and an orc.

Vanquished Creatures
  Purgy (Sewer)
  An ogre (D:4)
  A scorpion (D:4)
  5 wights (D:3)
  An orc priest (D:3)
  A giant frog skeleton (D:4)
  A centaur skeleton (D:4)
  An iguana (D:4)
  7 adders
  An ooze (D:3)
  6 worms
  3 dart slugs
  5 giant geckos
  6 orcs
  6 giant cockroaches
  6 goblins
  10 hobgoblins
  8 jackals
  5 quokkas
  3 ball pythons
  6 bats
  A giant newt (D:3)
  12 kobolds
  A quokka skeleton (D:4)
  8 rats
106 creatures vanquished.

Notes
Turn   | Place    | Note
-------+----------+-------------------------------------------
     0 | D:1      | nextgen the High Elf Fighter began the quest for the Orb.
     0 | D:1      | Reached XP level 1. HP: 16/16 MP: 2/2
   539 | D:1      | Reached XP level 2. HP: 21/21 MP: 3/3
  1006 | D:1      | Reached XP level 3. HP: 26/26 MP: 4/4
  1087 | D:1      | Reached skill level 3 in Long Blades
  1471 | D:2      | Reached skill level 1 in Dodging
  1558 | D:2      | Reached XP level 4. HP: 11/31 MP: 5/5
  1815 | D:2      | Found a glowing golden altar of the Shining One.
  1816 | D:2      | Found a glowing silver altar of Zin.
  1819 | D:2      | Found a white marble altar of Elyvilon.
  2515 | D:3      | Reached skill level 4 in Long Blades
  2552 | D:3      | Reached XP level 5. HP: 18/37 MP: 6/6
  2808 | D:3      | Reached XP level 6. HP: 34/43 MP: 7/7
  3363 | D:4      | Found Cuen's Magic Scroll Emporium.
  3373 | D:4      | Found a glowing drain.
  3379 | D:4      | Reached skill level 5 in Long Blades
  3395 | Sewer    | Entered a sewer
  3453 | Sewer    | Noticed Purgy
  3475 | Sewer    | Killed Purgy
  3672 | D:4      | Reached XP level 7. HP: 46/49 MP: 8/8
  4237 | D:4      | HP: 2/49 [orc priest/divine providence (15)]
  4237 | D:4      | Killed from afar by an orc priest

Vault maps used:
D:1:      evilmike_arrival_rings
D:2:      good_gods_temple_1, minmay_close_crescents
D:4:      serial_shops, shop, portal_sewer_entry_a, uniq_pikel
Sewer:    sewer_the_crocodile

Skill      XL: |  1  2  3  4  5  6  7 |
---------------+----------------------+-----
Armour         | 3 4 |  4.2
Shields        | 3 4 |  4.2
Long Blades    | 3 4 5 |  5.9
Dodging        | 1 2 |  2.9
Fighting       | 4 |  4.6

Action                   |  1- 3 |  4- 6 |  7- 9 || total
-------------------------+-------+-------+-------++-------
Melee: Long sword        |   133 |   221 |    61 ||   415
  Use: Potion            |       |     5 |       ||     5
       Scroll            |       |     9 |       ||     9
  Eat: Chunk             |    12 |     2 |       ||    14
       Beef jerky        |       |       |     2 ||     2
Armor: Scale mail        |    48 |       |       ||    48
       Chain mail        |     4 |   104 |    18 ||   126
       Skin              |       |    41 |       ||    41
Dodge: Dodged            |    42 |    47 |    14 ||   103
Block: Shield            |    57 |   132 |    19 ||   208
